 Dungeon Crawl Stone Soup version 0.31-a0-1227-g0136665373 (webtiles) character file.

Game seed: 11741340452134978159

104 Darkkill the Shooter (level 4, -2/31 (39) HPs)
             Began as a Minotaur Hunter on Dec 14, 2023.
             Slain by an orc wizard
             ... wielding a +1 dagger of draining
              (3 damage)
             ... on level 3 of the Dungeon.
             The game lasted 00:03:09 (1923 turns).

Darkkill the Shooter (Minotaur Hunter)              Turns: 1923, Time: 00:03:09

HP:   -2/31 (39)    AC:  3    Str: 16    XL:     4   Next: 52%
MP:   3/3           EV: 12    Int:  6    God:
Gold: 133           SH:  0    Dex: 15    Spells: 3/3 levels left

rFire   . . .        f - +0 arbalest
rCold   . . .        (shield currently unavailable)
rNeg    . . .        c - +0 leather armour
rPois   .            (helmet restricted)
rElec   .            (no cloak)
rCorr   .            (no gloves)
SInv    .            (no boots)
Will    .....        (no amulet)
Stlth   ++           (no ring)
HPRegen 0.25/turn    (no ring)
MPRegen 0.08/turn

%: no passive effects
@: heavily drained
A: horns 2, retaliatory headbutt
a: no special abilities


You were on level 3 of the Dungeon.
You visited 1 branch of the dungeon, and saw 3 of its levels.

You collected 133 gold pieces.

Inventory:

Hand Weapons
 f - a +0 arbalest (weapon)
Missiles
 d - 23 stones
 g - 14 poisoned darts
Armour
 c - a +0 leather armour (worn)
Talismans
 k - a serpent talisman
Scrolls
 b - a scroll of butterflies
 e - a scroll of fear
Potions
 a - a potion of curing {unknown}
 h - a potion of enlightenment
 i - a potion of haste


   Skills:
 + Level 3.6 Fighting
 + Level 5.0 Ranged Weapons
 + Level 3.1 Dodging
 + Level 2.0 Stealth


You had 3 spell levels left.
You didn't know any spells.
Your spell library contained the following spells:

 Spells                   Type           Power      Damage    Failure   Level
 Sandblast                Erth           0%         2d4       52%         1
 Summon Small Mammal      Summ           0%         N/A       52%         1
 Passwall                 Tmut/Erth      0%         N/A       67%         2
 Call Canine Familiar     Summ           0%         N/A       88%         3
 Stone Arrow              Conj/Erth      0%         3d7       88%         3
 Summon Guardian Golem    Hex/Summ       0%         N/A       88%         3
 Brom's Barrelling Bould  Conj/Erth      0%         2d3       99%         4


Dungeon Overview and Level Annotations

Branches:
Dungeon (3/15)

Altars:


Innate Abilities, Weirdness & Mutations

You have a pair of horns on your head.
You reflexively headbutt those who attack you in melee.


Message History

There is a stone staircase leading down here.
You climb downwards.
Found 9 gold pieces.
There is a stone staircase leading up here.
No target in view!
No target in view!
You now have 133 gold pieces (gained 9).
A kobold comes into view.
It is wielding a +0 dagger and quivering poisoned darts.
You shoot a bolt. The bolt barely misses the kobold.
A kobold is nearby!
A kobold is nearby!
You shoot a bolt. The bolt hits the kobold!
You kill the kobold!
No target in view!
g - 14 poisoned darts (gained 8)
You see here a +0 dagger.
No target in view!
d - 23 stones (gained 5);
a - a puce potion No target in view!
A worm comes into view.
A worm is nearby!
You shoot a bolt. The bolt hits the worm!
You kill the worm!
No target in view!
An orc comes into view. It is wielding a +0 war axe.
An orc is nearby!
You shoot a bolt. The orc shouts!
The bolt hits the orc.
The orc is heavily wounded.
An orc is nearby!
You shoot a bolt. The bolt barely misses the orc.
An orc is nearby!
You shoot a bolt. The bolt hits the orc.
The orc is severely wounded.
An orc comes into view. It is wielding a +0 flail.
There are monsters nearby!
You shoot a bolt. The bolt barely misses the orc.
The orc shouts!
An orc wizard comes into view. It is wielding a +1 dagger of draining.
The orc misses you. You furiously retaliate!
You headbutt the orc!
You kill the orc!
There are monsters nearby!
There are monsters nearby!
You shoot a bolt.
The bolt completely misses the orc wizard.
The orc wizard gestures wildly while chanting.
The orc wizard flickers and vanishes!
Deactivating autopickup; reactivate with Ctrl-A.
You shoot a bolt.
The bolt hits the orc but does no damage.
An orc is nearby!
You shoot a bolt. The bolt closely misses the orc.
A giant cockroach comes into view.
There are monsters nearby!
You shoot a bolt. The bolt completely misses the orc.
There are monsters nearby!
You shoot a bolt. The bolt closely misses the orc.
Something hits you.
You feel drained. The orc completely misses you.
The orc hits you with a +0 flail! Something completely misses you.
There are monsters nearby!
You shoot a bolt. The bolt barely misses the orc.
The bolt hits the giant cockroach but does no damage.
Something hits you.
You feel drained. The orc misses you.
There are monsters nearby!
You shoot a bolt. The bolt closely misses the orc.
The bolt hits the giant cockroach.
The giant cockroach is moderately wounded.
You hear some strange, mumbled words.
You are confused.
The orc misses you. The orc closely misses you.
Something hits you but does no damage.
You feel drained.
There are monsters nearby!
You shoot a bolt.
You hear some strange, mumbled words.
A puff of flame appears from out of thin air!
The puff of flame hits you! The orc barely misses you. The orc misses you.
Something hits you.
You feel drained.
There are monsters nearby!
You shoot a bolt. Something hits you but does no damage.
You feel drained. The orc hits you with a +0 flail.
There are monsters nearby!
You shoot a bolt. Something hits you.
You feel drained. The orc closely misses you. The orc hits you with a +0 flail.
* * * LOW HITPOINT WARNING * * *
Something hits you.
* * * LOW HITPOINT WARNING * * *
You feel drained.
* * * LOW HITPOINT WARNING * * *
You shoot a bolt.
You feel less confused. Something completely misses you.
The orc closely misses you. You furiously retaliate!
You headbutt the orc. The orc barely misses you. You furiously retaliate!
You headbutt the orc.
You kill the orc!
Something hits you.
* * * LOW HITPOINT WARNING * * *
You feel drained. The giant cockroach misses you. Something hits you.
You die...

..........#
..)...##..#######..
......##...........
.####.##....######
.# #....##.### .#
#....##...# .#
#....####.#######
.#
#...........{...#
.#
#....####...@B..#
## .....
######...... #....
#.. .


You could see a giant cockroach.

Vanquished Creatures
  An adder (D:2)
  4 worms
  3 dart slugs
  2 orcs (D:3)
  11 ball pythons
  5 bats
  4 endoplasms
  2 giant cockroaches (D:1)
  4 goblins
  4 hobgoblins
  10 jackals
  8 quokkas
  A frilled lizard (D:2)
  2 kobolds
  3 rats
64 creatures vanquished.

Vanquished Creatures (collateral kills)
  A frilled lizard (D:2)
  A rat (D:2)
2 creatures vanquished.

Grand Total: 66 creatures vanquished

Notes
Turn   | Place    | Note
-------+----------+-------------------------------------------
     0 | D:1      | Darkkill the Minotaur Hunter began the quest for the Orb.
     0 | D:1      | Reached XP level 1. HP: 18/18 MP: 0/0
    41 | D:1      | Reached skill level 1 in Stealth
    87 | D:1      | Reached XP level 2. HP: 18/25 MP: 1/1
   491 | D:1      | Reached XP level 3. HP: 30/31 MP: 2/2
  1156 | D:2      | Reached XP level 4. HP: 38/38 MP: 3/3
  1180 | D:2      | Found a faded altar of an unknown god.
  1614 | D:2      | Reached skill level 5 in Ranged Weapons
  1921 | D:3      | HP: 6/33 [orc/+0 flail (5)]
  1921 | D:3      | HP: 2/33 [something (4)]
  1923 | D:3      | Slain by an orc wizard

Illustrated notes

Levels and vault maps discovered:
D:1:      lightli_arrival_chessboard, layout_basic, serial_glass,
          glass_columns_a, glass_columns_c, feat_on_display, item_on_display_a,
          ebering_dispersal_statue_hall
D:2:      minmay_razor_zed, layout_loops_corners, shapermc_ecumenical_altar_gd
D:3:      layout_rooms, nicolae_dithmenos_through_a_glass_darkly

Skill      XL: |  1  2  3  4 |
---------------+-------------+-----
Stealth        | 1 2 |  2.0
Fighting       | 3 |  3.6
Dodging        | 3 |  3.1
Ranged Weapons | 5 |  5.0

Action                     |  1- 3 |  4- 6 || total
---------------------------+-------+-------++-------
   Fire: Shortbow          |   126 |       ||   126
         Arbalest          |     3 |    50 ||    53
    Use: Scroll            |     5 |     3 ||     8
 Armour: Leather armour    |    41 |    19 ||    60
  Dodge: Dodged            |    47 |    16 ||    63

Table legend: (Time is in decaauts)
 A = Elapsed time spent in this place.
 B = Non-inter-level travel time spent in this place.
 C = Inter-level travel time spent in this place.
 D = Time resting spent in this place.
 E = Time spent auto-exploring this place.
 F = Levels seen in this place.
 G = Mean time per level.
                   A        B        C        D        E       F      G
               +--------+--------+--------+--------+--------+-----+--------+
         Total |   1983 |   1957 |     26 |    124 |   1460 |   3 |  661.0 |
       Dungeon |   1983 |   1957 |     26 |    124 |   1460 |   3 |  661.0 |
               +--------+--------+--------+--------+--------+-----+--------+

Top non-repeatable levels by time:
     D:2: 1196 daAuts
     D:1: 724 daAuts
     D:3: 62 daAuts

Levels and vault maps discovered:
D:1:      lightli_arrival_chessboard, layout_basic, serial_glass,
          glass_columns_a, glass_columns_c, feat_on_display, item_on_display_a,
          ebering_dispersal_statue_hall
D:2:      minmay_razor_zed, layout_loops_corners, shapermc_ecumenical_altar_gd
D:3:      layout_rooms, nicolae_dithmenos_through_a_glass_darkly

Table legend: (Time is in decaauts)
 A = Elapsed time spent in this place.
 B = Non-inter-level travel time spent in this place.
 C = Inter-level travel time spent in this place.
 D = Time resting spent in this place.
 E = Time spent auto-exploring this place.
 F = Levels seen in this place.
 G = Mean time per level.
                   A        B        C        D        E       F      G
               +--------+--------+--------+--------+--------+-----+--------+
         Total |   1983 |   1957 |     26 |    124 |   1460 |   3 |  661.0 |
       Dungeon |   1983 |   1957 |     26 |    124 |   1460 |   3 |  661.0 |
               +--------+--------+--------+--------+--------+-----+--------+

Top non-repeatable levels by time:
     D:2: 1196 daAuts
     D:1: 724 daAuts
     D:3: 62 daAuts

Table legend:
 A = Kills in this place as a percentage of kills in the entire game.
 B = Kills by you in this place as a percentage of kills by you in the entire game.
 C = Kills by friends in this place as a percentage of kills by friends in the entire game.
 D = Other kills in this place as a percentage of other kills in the entire game.
 E = Experience gained in this place as a percentage of experience gained in the entire game.
 F = Experience gained in this place divided by the number of levels of this place that you have seen.
                   A       B       C       D       E      F
               +-------+-------+-------+-------+-------+----------------------
         Total | 100.0 | 100.0 | 100.0 |   N/A | 100.0 |  49.7
       Dungeon | 100.0 | 100.0 | 100.0 |   N/A | 100.0 |  49.7
               +-------+-------+-------+-------+-------+----------------------
